 Dungeon Crawl Stone Soup version 0.27.1 (webtiles) character file.

Game seed: 11416807829571576769

26431 szrap the Impaler (level 13, 0/96 HPs)
             Began as a Merfolk Gladiator on Sept 2, 2021.
             Was a High Priest of Hepliaklqana.
             Slain by a boulder beetle (19 damage)
             ... on level 4 of the Lair of Beasts on Sept 3, 2021.
             The game lasted 00:44:27 (16642 turns).

szrap the Impaler (Merfolk Gladiator)              Turns: 16642, Time: 00:44:27

Health: 0/96       AC: 13    Str: 19    XL:     13   Next: 25%
Magic:  17/17      EV: 15    Int:  7    God:    Hepliaklqana [*****.]
Gold:   858        SH:  0    Dex: 11    Spells: 12/12 levels left

rFire    . . .     SeeInvis +   J - +5 glaive
rCold    . . .     Faith    .   (shield currently unavailable)
rNeg     . . .     Spirit   .   i - +0 swamp dragon scales
rPois    +         Reflect  .   q - +0 helmet of Fyanlin {Rampage Dex-5 SInv}
rElec    .         Harm     .   (no cloak)
rCorr    .         Rampage  +   K - +0 pair of gloves
Will     +....                  l - +0 pair of boots
Stlth    +.........             (no amulet)
HPRegen  0.26/turn              u - +4 ring of slaying
MPRegen  0.15/turn              O - ring of willpower

@: no status effects
A: reduced essence, (nimble swimmer 2), mertail
a: Renounce Religion, Recall Ancestor, Ancestor Identity, Transference, Idealise


You were on level 4 of the Lair of Beasts.
You worshipped Hepliaklqana.
Hepliaklqana was extremely pleased with you.
You visited 3 branches of the dungeon, and saw 16 of its levels.

You collected 858 gold pieces.

Inventory:

Hand Weapons
 a - a +3 trident
 f - a +2 halberd of protection
 J - a +5 glaive (weapon)
Missiles
 d - 2 throwing nets
 p - 6 boomerangs of dispersal
 H - 2 silver boomerangs
 N - 13 boomerangs (quivered)
Armour
 c - a +0 helmet
 i - +0 swamp dragon scales (worn)
 l - a +0 pair of boots (worn)
 q - the +0 helmet of Fyanlin (worn) {Rampage Dex-5 SInv}
   (You took it off Robin on level 4 of the Dungeon)

   Dex:       It affects your dexterity (-5).
   SInv:      It lets you see invisible.
   Rampage:   It bestows one free step when moving towards enemies.
 t - a +2 ring mail of fire resistance
 B - a +0 plate armour
 K - a +0 pair of gloves (worn)
Jewellery
 h - a ring of magical power
 k - a +6 ring of strength
 u - a +4 ring of slaying (left hand)
 M - a ring of positive energy
 O - a ring of willpower (right hand)
Wands
 j - a wand of acid (5)
 x - a wand of flame (18)
 C - a wand of polymorph (24)
 G - a wand of iceblast (6)
 L - a wand of charming (6)
Scrolls
 o - 6 scrolls of teleportation
 s - 4 scrolls of fog
 v - 2 scrolls of summoning
 y - 2 scrolls of magic mapping
 D - 4 scrolls of holy word
 E - 3 scrolls of identify
 I - a scroll of immolation
 P - a scroll of vulnerability {unknown}
 R - 2 scrolls of fear
Potions
 b - 4 potions of brilliance
 e - a potion of lignification
 g - 2 potions of attraction
 m - 6 potions of curing
 n - 5 potions of heal wounds
 r - 4 potions of magic
 w - 2 potions of ambrosia
 z - a potion of cancellation
 A - 2 potions of berserk rage
 F - a potion of mutation
 Q - a potion of invisibility {unknown}


   Skills:
 * Level 11.8 Fighting
 + Level 17.3 Polearms
 - Level 2.0 Throwing
 * Level 8.1 Armour
 * Level 11.5 Dodging
 * Level 6.4 Invocations


You had 12 spell levels left.
You didn't know any spells.
Your spell library contained the following spells:

 Spells                   Type           Power      Damage    Failure   Level
 Blink                    Tloc           N/A        N/A       73%         2
 Conjure Flame            Conj/Fire      0%         6-21      91%         3
 Ignite Poison            Fire/Tmut/Pois 0%         N/A       91%         3
 Lesser Beckoning         Tloc           0%         N/A       91%         3
 Sticky Flame             Conj/Fire      0%         2d3       100%        4
 Manifold Assault         Tloc           0%         N/A       100%        5


Dungeon Overview and Level Annotations

Branches:
Dungeon (11/15)            Temple (1/1) D:4            Lair (4/6) D:10
  Swamp (0/4) Lair:3       Spider (0/4) Lair:2
    Orc: D:9-12

Altars:
Ashenzari
Cheibriados
Dithmenos
Elyvilon
Fedhas
Gozag
Hepliaklqana
Kikubaaqudgha
Makhleb
Nemelex Xobeh
Okawaru
Qazlal
Ru
Sif Muna
Trog
Uskayaw
Vehumet
Wu Jian
Xom
Yredelemnul
Zin
The Shining One

Shops:
D:5 ?   D:8 =

Annotations:
D:6 3 runed translucent doors, thromnambular's ghost, novice MfAr
D:8 3 runed translucent doors, bronco's ghost, novice OpMo
D:11 1 transporter


Innate Abilities, Weirdness & Mutations

Your life essence is reduced to manifest your ancestor. (-10% HP)
((You are quick and stealthy near water. (Stealth+, EV+, Speed+++)))
Your lower body shifts to a powerful aquatic tail in water.


Message History

The boulder beetle is lightly wounded.
The boulder beetle bites you!
You slice the boulder beetle!!
The boulder beetle is heavily wounded.
A boulder beetle is nearby!
The boulder beetle bites you but does no damage.
You slash the boulder beetle!
The boulder beetle is heavily wounded.
Nhalahla hits the boulder beetle with a +0 flail!
The boulder beetle leaps!
The boulder beetle curls into a ball and begins rolling!
You hit the boulder beetle but do no damage.
The boulder beetle is severely wounded.
Nhalahla hits the boulder beetle but does no damage.
The boulder beetle hits you!!!
Ouch! That really hurt!
The boulder beetle stops rolling and uncurls.
You are too injured to fight recklessly!
You are too injured to fight recklessly!
You barely miss the boulder beetle.
The boulder beetle is severely wounded.
Nhalahla hits the boulder beetle but does no damage.
The boulder beetle bites you!!
* * * LOW HITPOINT WARNING * * *
You hit the boulder beetle but do no damage.
The boulder beetle is severely wounded.
Nhalahla hits the boulder beetle with a +0 flail!
The boulder beetle bites Nhalahla!!
Nhalahla hits the boulder beetle but does no damage.
The boulder beetle bites Nhalahla but does no damage.
Nhalahla hits the boulder beetle but does no damage.
The boulder beetle bites Nhalahla!!
Nhalahla is destroyed!
The boulder beetle leaps!
The boulder beetle curls into a ball and begins rolling!
The boulder beetle misses you.
The boulder beetle stops rolling and uncurls.
The boulder beetle curls into a ball and begins rolling!
The boulder beetle hits you!!
You die...

#.###.#.#..########..###
#..####. ○○.........P##
#..#####...###. ..B.$>.○.....#
#...#..P..#.##. ##.#P####...##
#..........###. ##### #....#
#..........##.. ##.°.#
##..####...####.
##..○######....# ##...##..
#P..##.#.##....# #.......
#....°○○B@....## #........
#P............# ##....P..
...................#.....##P.
..........................##..
##.P.#........)...........##..
####....................P###.
##...................## .
#.................


You could see a boulder beetle (rolling).

Vanquished Creatures
  A boulder beetle (Lair:2)
  Pikel (D:5)
  2 elephants (Lair:4)
  A gargoyle (D:10)
  3 cane toads
  Maggie (D:6)
  2 rime drakes
  4 komodo dragons
  A hornet (D:9)
  A polar bear (Lair:2)
  7 blink frogs
  Sigmund (D:2)
  A wyvern (D:7)
  32 yaks
  2 basilisks
  An acid dragon (D:10)
  Duvessa (D:5)
  9 water moccasins
  A black bear (D:4)
  An orc warrior (D:10)
  2 sky beasts
  2 ogres
  21 wolves
  6 centaurs
  2 phantoms
  A kobold brigand (D:9)
  13 bullfrogs
  2 scorpions
  Dowan (D:5)
  A water moccasin zombie (D:5)
  A wight (D:8)
  3 killer bees
  4 howler monkeys
  2 electric eels (Lair:3)
  3 centaur zombies
  A centaur skeleton (D:7)
  8 orc priests
  A hound (D:5)
  2 iguanas
  7 orc wizards
  Robin (D:4)
  A howler monkey zombie (D:5)
  3 gnolls (D:2)
  9 adders
  2 white imps (D:8)
  3 worms
  A dart slug (D:1)
  31 orcs
  4 endoplasms
  4 giant cockroaches
  20 goblins
  9 hobgoblins
  2 jackals (D:1)
  4 quokkas
  12 ball pythons
  7 bats
  3 frilled lizards
  7 kobolds
  A quokka skeleton (D:4)
  6 rats
286 creatures vanquished.

Vanquished Creatures (collateral kills)
  A hydra (Lair:2)
  A catoblepas (Lair:3)
  2 elephants (Lair:4)
  5 cane toads
  2 komodo dragons
  A hornet (D:8)
  2 polar bears
  6 blink frogs
  2 wyverns
  9 yaks
  A black bear (D:7)
  2 orc warriors
  2 ogres (D:6)
  4 wolves
  A bullfrog (D:7)
  2 killer bees (D:9)
  2 orc priests (D:7)
  7 orc wizards
  A white imp (D:7)
  4 orcs
57 creatures vanquished.

Vanquished Creatures (others)
  3 knights
  24 fungi
  34 plants
61 creatures vanquished.

Grand Total: 404 creatures vanquished

Notes
Turn   | Place    | Note
-------+----------+-------------------------------------------
     0 | D:1      | szrap the Merfolk Gladiator began the quest for the Orb.
     0 | D:1      | Reached XP level 1. HP: 16/16 MP: 1/1
    88 | D:1      | Reached XP level 2. HP: 23/23 MP: 2/2
   248 | D:1      | Reached skill level 5 in Polearms
   342 | D:1      | Reached XP level 3. HP: 28/28 MP: 3/3
   841 | D:2      | Reached skill level 1 in Armour
  1222 | D:2      | Noticed a phantom
  1231 | D:2      | Killed a phantom
  1232 | D:2      | Reached skill level 6 in Polearms
  1232 | D:2      | Reached XP level 4. HP: 18/35 MP: 4/4
  1232 | D:2      | Reached XP level 5. HP: 21/41 MP: 5/5
  1498 | D:2      | Noticed Sigmund
  1509 | D:2      | Killed Sigmund
  1510 | D:2      | Reached skill level 7 in Polearms
  1510 | D:2      | Reached skill level 5 in Dodging
  1510 | D:2      | Reached XP level 6. HP: 38/47 MP: 6/6
  2238 | D:3      | Reached XP level 7. HP: 50/53 MP: 7/7
  2468 | D:3      | Found a broken altar of Ashenzari.
  2470 | D:3      | Found an iron altar of Okawaru.
  2634 | D:3      | Found a basalt altar of Yredelemnul.
  2634 | D:3      | Found a burning altar of Makhleb.
  2634 | D:3      | Found an ornate altar of the Wu Jian Council.
  2811 | D:4      | Identified the +0 helmet of Fyanlin {Rampage Dex-5 SInv}
  2811 | D:4      | Noticed Robin
  3069 | D:4      | Killed Robin
  3296 | D:4      | Found a staircase to the Ecumenical Temple.
  3304 | Temple   | Entered the Ecumenical Temple
  3614 | Temple   | Became a worshipper of Hepliaklqana the Forgotten
  3772 | D:4      | Reached skill level 8 in Polearms
  4488 | D:5      | Entered Level 5 of the Dungeon
  4507 | D:5      | Noticed Pikel
  4538 | D:5      | Killed Pikel
  4539 | D:5      | Reached skill level 5 in Fighting
  4539 | D:5      | Reached skill level 9 in Polearms
  4539 | D:5      | Reached XP level 8. HP: 25/62 MP: 8/8
  5114 | D:5      | Noticed Dowan
  5114 | D:5      | Noticed Duvessa
  5130 | D:5      | Found Zoevo's Magic Scroll Emporium.
  5153 | D:5      | Killed Duvessa
  5172 | D:5      | Killed Dowan
  5173 | D:5      | Reached XP level 9. HP: 20/69 MP: 9/9
  5390 | D:5      | Reached skill level 10 in Polearms
  5973 | D:6      | Reached * piety under Hepliaklqana
  6118 | D:6      | Noticed Maggie
  6174 | D:6      | Killed Maggie
  6175 | D:6      | Reached skill level 5 in Armour
  6175 | D:6      | Reached skill level 1 in Invocations
  6718 | D:6      | Reached skill level 11 in Polearms
  6919 | D:6      | Found a runed translucent gate.
  6921 | D:6      | Found a runed translucent gate.
  6925 | D:6      | Found a runed translucent gate.
  6927 | D:6      | Noticed thromnambular's ghost (novice MfAr)
  7508 | D:7      | Reached ** piety under Hepliaklqana
  7509 | D:7      | Remembered your ancestor Nhalahla as a knight
  7906 | D:7      | Reached XP level 10. HP: 66/71 MP: 11/11
  8137 | D:8      | Found a runed translucent gate.
  8137 | D:8      | Found a runed translucent gate.
  8138 | D:8      | Found a runed translucent gate.
  8139 | D:8      | Noticed bronco's ghost (novice OpMo)
  8261 | D:8      | Reached skill level 12 in Polearms
  8489 | D:8      | Found Biadaxa's Jewellery Emporium.
  9223 | D:9      | Reached *** piety under Hepliaklqana
  9707 | D:10     | Entered Level 10 of the Dungeon
  9829 | D:10     | Reached skill level 13 in Polearms
 10216 | D:10     | Noticed a gargoyle
 10226 | D:10     | Killed a gargoyle
 10839 | D:10     | Found a staircase to the Lair.
 11120 | D:11     | Noticed a purple ugly thing
 11120 | D:11     | Found a transporter.
 11137 | Lair:1   | Entered Level 1 of the Lair of Beasts
 11144 | Lair:1   | Reached XP level 11. HP: 80/80 MP: 12/12
 11324 | Lair:1   | Reached skill level 14 in Polearms
 11351 | Lair:1   | Reached **** piety under Hepliaklqana
 12198 | Lair:1   | Reached skill level 15 in Polearms
 12251 | Lair:1   | Reached skill level 10 in Dodging
 12263 | Lair:1   | You fall into a shaft and drop 1 floor!
 12292 | Lair:2   | Reached skill level 10 in Fighting
 12816 | Lair:2   | Found a hole to the Spider Nest.
 12858 | Lair:2   | Reached XP level 12. HP: 74/87 MP: 15/15
 13130 | Lair:2   | Noticed a boulder beetle
 13137 | Lair:2   | Killed a boulder beetle
 13138 | Lair:2   | Reached skill level 16 in Polearms
 13140 | Lair:2   | Reached skill level 5 in Invocations
 13395 | Lair:2   | Noticed a seven-headed hydra
 13403 | Lair:2   | Killed a seven-headed hydra
 13945 | Lair:3   | Reached ***** piety under Hepliaklqana
 13960 | Lair:3   | Found a glowing golden altar of the Shining One.
 13986 | Lair:3   | Found a staircase to the Swamp.
 15613 | Lair:3   | Reached XP level 13. HP: 76/95 MP: 17/17
 16124 | Lair:4   | Reached skill level 17 in Polearms
 16642 | Lair:4   | Slain by a boulder beetle

Illustrated notes

Levels and vault maps discovered:
D:1:      ncdulo_halloftheorcs, layout_rooms, minmay_tetromino_l4
D:2:      layout_loops_ring, chequers_serial_rivers_small_b, uniq_sigmund
D:3:      layout_loops_ring, grunt_temple_overflow_open
D:4:      layout_rooms, minmay_temple_entry_arrows, uniq_robin
D:5:      layout_loops_ring, serial_shops, shop, uniq_pikel, uniq_duvessa
D:6:      layout_layer_cave, ebering_ghost_rock_garden, minmay_misc_feat_doors,
          uniq_maggie
D:7:      layout_gridville
D:8:      layout_loops_ring, serial_shops, nicolae_shop_waterfront,
          gammafunk_ghost_spectres, kennysheep_nub, serial_bayou_pond_b
D:9:      layout_loops_ring
D:10:     layout_basic, grunt_lair_entry_orc_guard_hut
D:11:     gammafunk_corrupted_shrine, layout_layer_cave,
          corexii_hall_statues_deadend, uniq_erica, uniq_gastronok
Temple:   minmay_temple_bridge_d
Lair:1:   layout_cave_pods, grunt_megastairs_4
Lair:2:   layout_chaotic_city, spider_nest_entry_web_field, st_stairs_7,
          chequers_serial_rivers_micro_d, chequers_serial_rivers_room_b,
          minivault_25, serial_bayou_shore_b, grunt_megastairs_2
Lair:3:   layout_gridlike, minmay_swamp_entry_eels, basic_altar,
          chequers_serial_rivers_micro_b, cheibrodos_lair_lostbears,
          grunt_megastairs_3
Lair:4:   layout_small_grid, lemuel_fruit_fields, uniq_urug

Skill      XL: |  1  2  3  4  5  6  7  8  9 10 11 12 13 |
---------------+----------------------------------------+-----
Polearms       | 5 6 7 9 11 13 15 16 17 | 17.3
Armour         | 1 2 4 5 6 7 8 |  8.1
Fighting       | 3 5 6 7 9 10 11 | 11.8
Dodging        | 5 6 7 9 10 11 | 11.5
Invocations    | 2 4 5 6 |  6.4
Throwing       | |  2.0

Action                   |  1- 3 |  4- 6 |  7- 9 | 10-12 | 13-15 || total
-------------------------+-------+-------+-------+-------+-------++-------
Melee: Trident           |   123 |    68 |   342 |       |       ||   533
       Halberd           |       |       |    37 |   144 |       ||   181
       Glaive            |       |       |       |   271 |    67 ||   338
Throw: Throwing net      |       |     3 |       |       |       ||     3
       Boomerang         |       |       |       |     3 |       ||     3
Invok: Ancestor Life: Kn |       |       |     1 |       |       ||     1
       Ancestor Identity |       |       |     1 |       |       ||     1
       Recall Ancestor   |       |       |       |     2 |       ||     2
       Idealise          |       |       |       |     1 |       ||     1
Evoke: Wand              |       |       |       |     8 |       ||     8
  Use: Scroll            |     4 |       |    13 |     9 |       ||    26
       Potion            |       |       |     2 |       |       ||     2
 Stab: Sleeping          |     1 |       |       |       |       ||     1
       Held in net/web   |       |     2 |       |       |       ||     2
       Distracted        |       |       |     1 |     3 |       ||     4
Armor: Leather armour    |    42 |       |       |       |       ||    42
       Chain mail        |     2 |    15 |    76 |       |       ||    93
       Ring mail         |       |       |    33 |       |       ||    33
       Swamp dragon scal |       |       |     5 |   140 |    25 ||   170
Dodge: Dodged            |    57 |    20 |   151 |   222 |    40 ||   490
